 Dungeon Crawl Stone Soup version 0.27.1-1-g398f81649c (webtiles) character file.

Game seed: 2580858792632746365

47 Destapler the Chopper (level 3, -2/33 HPs)
             Began as a Hill Orc Chaos Knight on Sept 14, 2021.
             Was a Plaything of Xom.
             Slain by Terence (8 damage)
             ... on level 2 of the Dungeon.
             The game lasted 00:01:14 (1015 turns).

Destapler the Chopper (Hill Orc Chaos Knight)       Turns: 1015, Time: 00:01:14

Health: -2/33      AC:  5    Str: 14    XL:     3   Next: 70%
Magic:  3/3        EV: 11    Int: 12    God:    Xom [....*.]
Gold:   52         SH:  0    Dex: 15    Spells: 2/2 levels left

rFire    . . .     SeeInvis .   a - +0 hand axe (chaos)
rCold    . . .     Faith    .   (no shield)
rNeg     . . .     Spirit   .   b - +2 leather armour
rPois    .         Reflect  .   (no helmet)
rElec    .         Harm     .   (no cloak)
rCorr    .         Rampage  .   (no gloves)
Will     .....                  (no boots)
Stlth    +.........             (no amulet)
HPRegen  0.11/turn              (no ring)
MPRegen  0.08/turn              (no ring)

@: mighty
A: agile 2
a: Renounce Religion


You were on level 2 of the Dungeon.
You worshipped Xom.
You were a beloved toy of Xom.
You visited 1 branch of the dungeon, and saw 2 of its levels.

You collected 52 gold pieces.

Inventory:

Hand Weapons
 a - a +0 hand axe of chaos (weapon)
Missiles
 g - 4 silver javelins (quivered)
Armour
 b - a +2 leather armour (worn)
Scrolls
 c - a scroll of fear {unknown}
 d - a scroll of holy word {unknown}
 e - a scroll of immolation {unknown}
 f - 3 scrolls of identify {unknown}


   Skills:
 + Level 4.1 Fighting
 + Level 4.6 Axes
 + Level 2.9 Armour
 + Level 1.5 Dodging


You had 2 spell levels left.
You didn't know any spells.
Your spell library contained the following spells:

 Spells                   Type           Power      Damage    Failure   Level
 Static Discharge         Conj/Air       0%         N/A       52%         2
 Lightning Bolt           Conj/Air       0%         1d11      100%        5
 Maxwell's Capacitive Co  Air            0%         ∞         100%        8


Dungeon Overview and Level Annotations

Branches:
Dungeon (2/15)

Altars:

Annotations:
D:2 Terence


Innate Abilities, Weirdness & Mutations

You are very agile. (Dex +4)


Message History

You barely miss Terence. You closely miss the adder.
The adder closely misses you. Terence barely misses you.
You hit Terence.
Terence is lightly wounded.
You hit the adder.
The adder is poisoned.
The adder closely misses you. Terence barely misses you. The adder bites you.
You are poisoned.
The adder poisons you!
You barely miss Terence.
Terence is lightly wounded.
You barely miss the adder.
You feel sick. Terence hits you but does no damage. The adder bites you.
It was a potion of might.
You feel very mighty all of a sudden.
You feel sick. The adder barely misses you. Terence hits you with a +0 trident.
You feel sick.
Terence hits you from afar with a +0 trident.
* * * LOW HITPOINT WARNING * * *
The adder bites you but does no damage.
You slash the adder!
You kill the adder!
You feel sick.
Terence hits you from afar with a +0 trident.
* * * LOW HITPOINT WARNING * * *
You feel sick.
You are no longer poisoned.
Terence misses you.
You hit Terence.
Terence is moderately wounded.
Terence misses you.
You slash Terence!
Terence is poisoned.
Terence is severely wounded.
Terence closely misses you.
You barely miss Terence.
Terence is almost dead.
Terence closely misses you.
You closely miss Terence.
Terence is almost dead.
Terence barely misses you. Terence hits you with a +0 trident!
You die...

#.#.#.##...#
#.#.##.#.......#.
#.#.#..#.#..#####
####.#.#.#....#.###.
..#............>#.#
######.#..........##..##
.......#........#.##.###
#.................##.###
......@@.........÷.<....
........##......####....
.......####...#.# ##....
.##.##. ##.##.###....÷ #
#. #.#...##..... !.
#.....<#..#.. ##
###...##..##.
##.###..#.. ### #...#.


You could see Terence (very poisoned).

Vanquished Creatures
  2 adders (D:2)
  3 dart slugs (D:1)
  3 ball pythons
  5 bats
  2 endoplasms (D:1)
  2 giant cockroaches (D:1)
  A goblin (D:1)
  2 kobolds (D:1)
  2 rats (D:1)
22 creatures vanquished.

Notes
Turn   | Place    | Note
-------+----------+-------------------------------------------
     0 | D:1      | Destapler the Hill Orc Chaos Knight began the quest for the
                  | Orb.
     0 | D:1      | Reached XP level 1. HP: 19/19 MP: 1/1
    59 | D:1      | XOM: silly message
   202 | D:1      | Reached skill level 1 in Dodging
   208 | D:1      | Reached XP level 2. HP: 24/27 MP: 2/2
   256 | D:1      | XOM: divination: detect creatures
   602 | D:1      | XOM: give mutations
   602 | D:1      | Gained mutation: You are agile. (Dex +2) [Xom's grace]
   602 | D:1      | Gained mutation: You are very agile. (Dex +4) [Xom's grace]
   612 | D:1      | Found a faded altar of an unknown god.
   619 | D:1      | Reached XP level 3. HP: 33/33 MP: 3/3
   803 | D:2      | XOM: summons 1 hostile shadow creature
  1001 | D:2      | Noticed Terence
  1015 | D:2      | Slain by Terence

Illustrated notes

Levels and vault maps discovered:
D:1:      saegor_arrival_simple_c, layout_basic,
          hellmonk_ecumenical_altar_leap_of_faith
D:2:      layout_loops_ring, uniq_terence

Skill      XL: |  1  2 |
---------------+-------+-----
Dodging        | 1 |  1.5
Fighting       | 4 |  4.1
Axes           | |  4.6
Armour         | |  2.9

Action                   || total
-------------------------++-------
Melee: Hand axe          ||    64
  Use: Potion            ||     1
Armor: Leather armour    ||    33
Dodge: Dodged            ||    41
